 Dungeon Crawl Stone Soup version 0.26-a0-491-g70697cc071 (webtiles) character file.

Game seed: 5345029138517308023

273 ANON1729 the Skirmisher (level 6, -1/51 HPs)
             Began as a Palentonga Delver on Aug 4, 2020.
             Was a Follower of Zin.
             Slain by an ufetubus (2 damage)
             ... on level 5 of the Dungeon.
             The game lasted 00:04:27 (3247 turns).

ANON1729 the Skirmisher (Palentonga Delver)         Turns: 3247, Time: 00:04:28

Health: -1/51      AC:  4    Str: 17    XL:     6   Next: 3%
Magic:  6/6        EV: 10    Int: 10    God:    Zin [*.....]
Gold:   87         SH:  0    Dex: 12    Spells: 5/5 levels left

rFire    . . .     SeeInvis +   a - +1 falchion
rCold    . . .     Faith    .   (no shield)
rNeg     . . .     Spirit   .   b - +0 leather armour
rPois    .         Reflect  .   (no helmet)
rElec    .         Harm     .   (no cloak)
rCorr    .                      (no gloves)
MR       .....                  (boots restricted)
Stlth    ++........             (no amulet)
HPRegen  0.17/turn              (no ring)
MPRegen  0.10/turn              (no ring)

@: no status effects
A: large, rugged brown scales 3, see invisible, deformed body, roll, armoured
tail
a: Rolling Charge, Recite, Donate Gold, Renounce Religion


You were on level 5 of the Dungeon.
You worshipped Zin.
Zin was aware of your devotion.
You visited 2 branches of the dungeon, and saw 3 of its levels.

You collected 110 gold pieces.
You donated 23 gold pieces to Zin.

Inventory:

Hand Weapons
 a - a +1 falchion (weapon)
Armour
 b - a +0 leather armour (worn)
 j - a +0 cloak
Wands
 g - a wand of digging (3)
Scrolls
 c - a scroll of fog
 d - a scroll of magic mapping
 f - a scroll of teleportation {unknown}
 i - a scroll of noise {unknown}
 k - a scroll of enchant weapon
 l - a scroll of remove curse {unknown}
 m - a scroll of identify {unknown}


   Skills:
 + Level 4.2 Fighting
 + Level 3.5 Long Blades
 + Level 2.9 Dodging
 + Level 4.1 Stealth


You had 5 spell levels left.
You didn't know any spells.
Your spell library was empty.

Dungeon Overview and Level Annotations

Branches:
Dungeon (5/15)             Temple (1/1) D:4

Altars:
Ashenzari
Dithmenos
Hepliaklqana
Makhleb
Okawaru
Qazlal
Ru
Trog
Uskayaw
Wu Jian
Xom
Zin


Innate Abilities, Weirdness & Mutations

You are completely covered in rugged brown scales. (AC +3, +7% HP)
You have supernaturally acute eyesight. (SInv)
Armour fits poorly on your strangely shaped body.
You can roll at foes to attack.
You have a long armoured tail.


Message History

* * * LOW HITPOINT WARNING * * *
The ufetubus hits you but does no damage.
The orc wizard mumbles some strange words.
The orc wizard flickers and vanishes for a moment.
Unknown command.
Unknown command.
You aren't carrying any potions.
As you read the scroll labeled WOFEUH MYSTOQE, it crumbles to dust.
It is a scroll of enchant weapon.
Your +0 falchion glows red for a moment.
The ufetubus barely misses you. The ufetubus closely misses you.
The orc wizard cowers, then darts away.
The ufetubus hits you.
* * * LOW HITPOINT WARNING * * *
The ufetubus hits you but does no damage.
Unknown command.
You hit the quokka zombie.
The quokka zombie is moderately damaged.
The ufetubus barely misses you. The ufetubus hits you.
You die...

#. ###.......#### #.
#...#.>...#
#.#####.###.........
#....<..# #.....####
#..###### #.....#
##.###### #.....#
#...#.#.# #######
#..#).#5##
#..###.)#@# #..#
##.Z## #..# ##o5#
#.# ##.# #. .# ##


You could see an orc wizard (invisible, fleeing), an ufetubus and a quokka
zombie.

Vanquished Creatures
  2 howler monkeys (D:4)
  A hound (D:4)
  A bullfrog skeleton (D:4)
  4 worker ants (D:4)
  An adder (D:4)
  A white imp (D:5)
  An ooze (D:4)
  A worm (D:4)
  8 orcs
  A leopard gecko zombie (D:5)
21 creatures vanquished.

Notes
Turn   | Place    | Note
-------+----------+-------------------------------------------
     0 | D:5      | ANON1729 the Palentonga Delver began the quest for the Orb.
     0 | D:5      | Reached XP level 1. HP: 19/19 MP: 1/1
    20 | D:5      | Noticed a phantom
   450 | D:5      | Noticed a worker ant
   503 | D:4      | Found a staircase to the Ecumenical Temple.
   512 | Temple   | Entered the Ecumenical Temple
   601 | Temple   | Became a worshipper of Zin the Law-Giver
   602 | Temple   | Donated 12 gold pieces to Zin
   767 | D:4      | Killed a worker ant
   767 | D:4      | Reached XP level 2. HP: 4/25 MP: 2/2
   767 | D:4      | Reached XP level 3. HP: 5/31 MP: 3/3
  1320 | D:4      | Reached XP level 4. HP: 15/39 MP: 4/4
  1667 | D:4      | Reached XP level 5. HP: 25/44 MP: 5/5
  1755 | D:4      | HP: 2/44 [poisoned by a worker ant]
  1763 | D:4      | HP: 2/44 [poisoned by a worker ant]
  2488 | D:4      | Found a shimmering altar of Xom.
  2691 | D:4      | Reached * piety under Zin
  2777 | D:4      | Found a shattered altar of Ashenzari.
  3233 | D:5      | Reached XP level 6. HP: 17/51 MP: 6/6
  3239 | D:5      | HP: 2/51 [orc wizard/magic dart (5)]
  3245 | D:5      | HP: 2/51 [ufetubus (2)]
  3247 | D:5      | Slain by an ufetubus

Illustrated notes

Levels and vault maps discovered:
D:4:      layout_loops_corners, lemuel_round_altar, cheibrodos_ashenzari_chains,
          temple_fountains, fountainhead
D:5:      minmay_diamond_boxcup, layout_rooms, lemuel_round_altar
Temple:   compressed_dpeg_circular_temple

Skill      XL: |  1  2  3  4  5 |
---------------+----------------+-----
Dodging        | 2 |  2.9
Long Blades    | 3 |  3.5
Fighting       | 4 |  4.2
Stealth        | 4 |  4.1

Action                   |  1- 3 |  4- 6 || total
-------------------------+-------+-------++-------
Melee: Falchion          |    41 |    75 ||   116
       Tailslap          |     5 |    15 ||    20
Invok: Donate Gold       |     1 |       ||     1
       Recite            |       |     1 ||     1
 Abil: Rolling Charge    |     6 |       ||     6
  Use: Potion            |     1 |     1 ||     2
       Scroll            |       |     2 ||     2
 Stab: Sleeping          |       |     2 ||     2
Armor: Leather armour    |     8 |    14 ||    22
Dodge: Dodged            |    23 |    54 ||    77
       Rpst.: Falchion   |     6 |    14 ||    20

Table legend: (Time is in decaauts)
 A = Elapsed time spent in this place.
 B = Non-inter-level travel time spent in this place.
 C = Inter-level travel time spent in this place.
 D = Time resting spent in this place.
 E = Time spent auto-exploring this place.
 F = Levels seen in this place.
 G = Mean time per level.
                   A        B        C        D        E       F      G
               +--------+--------+--------+--------+--------+-----+--------+
         Total |   3250 |   3181 |     69 |   2066 |    830 |   3 | 1083.3 |
       Dungeon |   3006 |   2948 |     58 |   1922 |    754 |   2 | 1503.0 |
        Temple |    244 |    233 |     11 |    144 |     75 |   1 |  244.0 |
               +--------+--------+--------+--------+--------+-----+--------+

Top non-repeatable levels by time:
     D:4: 2891 daAuts
  Temple: 244 daAuts
     D:5: 115 daAuts
